 Dungeon Crawl Stone Soup version 0.27.0-66-gdc8fb28755 (webtiles) character file.

Game seed: 17430344348889916618

309965 nicksoapdish the Hoplite (level 20, -1/131 HPs)
             Began as a Minotaur Fighter on Aug 19, 2021.
             Was the Champion of Qazlal.
             Slain by an azure jelly (12 damage)
             ... created by the Royal Jelly
             ... on level 5 of the Pits of Slime.
             The game lasted 02:47:16 (45799 turns).

nicksoapdish the Hoplite (Minotaur Fighter)        Turns: 45799, Time: 02:47:18

Health: -1/131     AC: 39    Str: 29      XL:     20   Next: 38%
Magic:  24/24      EV:  6    Int:  5      God:    Qazlal [******]
Gold:   1784       SH: 44    Dex: 12 (14) Spells: 19/19 levels left

rFire    + . .     SeeInvis .   a - +9 war axe (freeze)
rCold    + + .     Faith    .   X - +7 tower shield {AC+3}
rNeg     + . .     Spirit   .   N - +6 crystal plate armour of Fycog {rN+}
rPois    .         Reflect  +   j - +2 hat
rElec    .         Harm     .   p - scarf {rC+ rF+}
rCorr    +         Rampage  +   g - +2 pair of gloves {Str+3}
Will     ++...     Rnd*Rage +   V - +2 pair of boots {rampage}
Stlth    ..........             P - amulet of reflection
HPRegen  0.31/turn              A - +6 ring of strength
MPRegen  0.19/turn              E - ring of resist corrosion

@: engulfed (cannot breathe), protected from cold, corroded, unable to read,
studying 2 skills, repel missiles
A: horns 2, retaliatory headbutt, berserk 2, clumsy 1, deterioration 1, frail 3,
low mp 1, strong-willed 1, screaming 1, weak 2, inability to read while
threatened
}: 2/15 runes: barnacled, gossamer
a: Renounce Religion, Upheaval, Elemental Force, Disaster Area


You were on level 5 of the Pits of Slime.
You worshipped Qazlal.
Qazlal was exalted by your worship.
You visited 7 branches of the dungeon, and saw 37 of its levels.
You visited the Abyss 1 time.
You also visited: Ossuary, Bailey and Ice Cave.

You collected 3053 gold pieces.
You spent 1269 gold pieces at shops.

Inventory:

Hand Weapons
 a - a +9 war axe of freezing (weapon)
 b - a +5 vorpal trident
 c - the +8 hand crossbow "Rikhemp" {venom, rPois rC+ Dex+4 Stlth+}
   (You found it in an ice cave)

   Any ammunition fired from it poisons the flesh of those it strikes.
   Dex:       It affects your dexterity (+4).
   rC:        It protects you from cold.
   rPois:     It protects you from poison.
   Stlth:     It makes you more stealthy.
Missiles
 K - 101 bolts
Armour
 g - a +2 pair of gloves of strength (worn)
 j - a +2 hat (worn)
 p - a scarf of resistance (worn)
 N - the +6 crystal plate armour of Fycog (worn) {rN+}
   (You acquired it in a bailey)

   rN:        It protects you from negative energy.
 V - a +2 pair of boots of rampaging (worn)
 X - a +7 tower shield of protection (worn)
Jewellery
 t - the ring "Ejov" {EV+4 Int+6}
   (You found it on level 4 of the Dungeon)

   [ring of evasion]

   EV:        It affects your evasion (+4).
   Int:       It affects your intelligence (+6).
 A - a +6 ring of strength (left hand)
 E - a ring of resist corrosion (right hand)
 F - the ring "Udweuc" {rC+ rN+}
   (You found it on level 1 of the Spider Nest)

   [ring of positive energy]

   rC:        It protects you from cold.
   rN:        It protects you from negative energy.
 H - a +6 ring of strength
 L - a ring of poison resistance
 P - an amulet of reflection (around neck)
 S - an amulet of magic regeneration
 Y - a ring of protection from cold
Wands
 q - a wand of flame (150)
 w - a wand of mindburst (25)
 y - a wand of paralysis (36)
 B - a wand of polymorph (35)
 D - a wand of acid (20)
 G - a wand of charming (51)
 I - a wand of iceblast (17)
 T - a wand of digging (8)
Scrolls
 h - a scroll of brand weapon
 i - 4 scrolls of fog
 m - 6 scrolls of magic mapping
 n - 15 scrolls of teleportation
 r - 4 scrolls of fear
 u - 3 scrolls of summoning
 v - 5 scrolls of immolation
 C - 20 scrolls of identify
 J - 2 scrolls of amnesia
 M - a scroll of enchant armour
 O - a scroll of holy word
 U - 3 scrolls of enchant weapon
Potions
 d - 3 potions of ambrosia
 e - 5 potions of magic
 f - 8 potions of flight
 k - 9 potions of curing
 l - 2 potions of cancellation
 s - a potion of berserk rage
 x - 4 potions of haste
 z - 4 potions of brilliance
 R - 2 potions of might
 W - a potion of invisibility
 Z - 5 potions of heal wounds
Miscellaneous
 Q - a condenser vane


   Skills:
 * Level 18.2 Fighting
 + Level 19.6(21.3) Axes
 + Level 15.4(19.3) Polearms
 * Level 10.3 Crossbows
 * Level 17.3 Armour
 + Level 21.3 Shields
 - Level 10.4 Invocations
 * Level 7.0 Evocations


You had 19 spell levels left.
You didn't know any spells.
Your spell library contained the following spells:

 Spells                   Type           Power      Damage    Failure   Level
 Animate Skeleton         Necr           0%         N/A       100%        1
 Apportation              Tloc           0%         N/A       100%        1
 Corona                   Hex            0%         N/A       100%        1
 Magic Dart               Conj           0%         1d3       100%        1
 Pain                     Necr           0%         1d4       100%        1
 Sting                    Tmut/Pois      0%         1d3       100%        1
 Summon Small Mammal      Summ           0%         N/A       100%        1
 Call Imp                 Summ           0%         N/A       100%        2
 Ensorcelled Hibernation  Hex/Ice        0%         N/A       100%        2
 Poisonous Vapours        Pois/Air       0%         N/A       100%        2
 Sublimation of Blood     Necr           0%         N/A       100%        2
 Call Canine Familiar     Summ           0%         N/A       100%        3
 Ignite Poison            Fire/Tmut/Pois 0%         N/A       100%        3
 Mephitic Cloud           Conj/Pois/Air  0%         N/A       100%        3
 Portal Projectile        Hex/Tloc       0%         N/A       100%        3
 Summon Guardian Golem    Hex/Summ       0%         N/A       100%        3
 Tukima's Dance           Hex            0%         N/A       100%        3
 Vampiric Draining        Necr           0%         2d6       100%        3
 Animate Armour           Summ/Erth      0%         N/A       100%        4
 Leda's Liquefaction      Hex/Erth       0%         N/A       100%        4
 Olgreb's Toxic Radiance  Pois           0%         N/A       100%        4
 Petrify                  Tmut/Erth      0%         N/A       100%        4
 Agony                    Necr           0%         N/A       100%        5
 Blade Hands              Tmut           0%         N/A       100%        5
 Excruciating Wounds      Necr           0%         N/A       100%        5
 Irradiate                Conj/Tmut      0%         3d13      100%        5
 Iskenderun's Battlesphe  Conj           0%         2d6       100%        5
 Summon Forest            Summ/Tloc      0%         N/A       100%        5
 Eringya's Noxious Bog    Tmut/Pois      0%         N/A       100%        6
 Iron Shot                Conj/Erth      0%         9d1       100%        6
 Shadow Creatures         Summ           N/A        N/A       100%        6
 Dragon Form              Tmut           0%         N/A       100%        7
 Spellforged Servitor     Conj/Summ      0%         N/A       100%        7
 Summon Hydra             Summ           0%         N/A       100%        7


Dungeon Overview and Level Annotations

Branches:
Dungeon (15/15)            Temple (1/1) D:4            Lair (6/6) D:11
 Shoals (4/4) Lair:4       Spider (4/4) Lair:4        Slime (5/5) Lair:6
    Orc (2/2) D:12            Elf (0/3) Orc:2        Vaults (0/5) D:13
 Depths (0/5) D:15        Ossuary (visited)          Bailey (visited)
  IceCv (visited)

Altars:
Ashenzari
Cheibriados
Dithmenos
Elyvilon
Fedhas
Gozag
Hepliaklqana
Kikubaaqudgha
Makhleb
Nemelex Xobeh
Okawaru
Qazlal
Ru
Sif Muna
Trog
Uskayaw
Vehumet
Wu Jian
Xom
Yredelemnul
Zin
The Shining One
Jiyva

Shops:
D:2 :   D:9 !   D:15 !   Orc:2 (?(!?   Shoals:2 *([*   Shoals:4 (

Portals:
Abyss: D:5

Annotations:
D:3 2 transporters
D:4 1 exclusion
D:5 2 transporters, WaxSun's ghost, novice FoAK
Slime:5 Royal Jelly


Innate Abilities, Weirdness & Mutations

You have a pair of horns on your head.
You reflexively headbutt those who attack you in melee.
You often lose your temper in combat.
You are clumsy. (Dex -2)
Your body sometimes deteriorates upon taking damage.
You are extremely frail. (-30% HP)
Your magical capacity is low. (-10% MP)
You are strong-willed. (Will+)
You occasionally shout uncontrollably at your foes.
You are very weak. (Str -4)
You sometimes lose the ability to read scrolls when taking damage.


Message History

You hold your ground!
You block the rockslime's attack.
You slice the azure jelly!! You freeze the azure jelly.
The azure jelly is heavily wounded.
You hit the rockslime but do no damage. x4; You slash the rockslime!
You freeze the rockslime.
You kill the rockslime!
That felt strangely unrewarding.
You block the azure jelly's attack. x2
The azure jelly hits you but does no damage. x2
You block the rockslime's attack.
The rockslime hits you but does no damage.
You hit the Royal Jelly. You freeze the Royal Jelly.
Your hands burn!
The Royal Jelly is moderately wounded.
You slash the azure jelly!
You hit the rockslime but do no damage. x3
You slice the rockslime!! You freeze the rockslime!
You block the rockslime's attack. The Royal Jelly hits you!!
You feel threatened and lose the ability to read scrolls!
The acid corrodes you!
You are splashed with acid.
You resist.
The Royal Jelly hits you but does no damage.
The rockslime hits you but does no damage.
You block the rockslime's attack.
The azure jelly hits you but does no damage.
You block the azure jelly's attack. x2
The azure jelly hits you but does no damage.
The rockslime hits you!!
* * * LOW HITPOINT WARNING * * *
Your body deteriorates!
You feel clumsy.
You hold your ground!
The quicksilver ooze hits you. The quicksilver ooze engulfs you!
The quicksilver ooze completely misses you.
* * * LOW HITPOINT WARNING * * *
Your lungs strain for air!
You block the Royal Jelly's attack. x2
The rockslime hits you but does no damage.
You block the rockslime's attack. x2; You block the azure jelly's attack.
The azure jelly hits you.
* * * LOW HITPOINT WARNING * * *
The azure jelly freezes you! You resist.
Your resistance to physical damage fades away.
You feel protected from cold.
You die...

...............## #..#
................####.####
.........................
.........................
.........................
.........................
........J§○.............J
.#...○JJJJ............JJ
##.#.J@JJ..G.........J.
####.JJ°..............
#...§○..............
##..................
#..................
##.................
###...............
###......#......
###.####..##..


You could see the Royal Jelly, an acid blob, 3 azure jellies, a great orb of
eyes, 4 rockslimes and a quicksilver ooze.

Vanquished Creatures
  Dissolution (Slime:1)
  Mara (Spider:3)
  Nikola (Lair:4)
  Arachne (Spider:3)
  A Hell Sentinel (Abyss:1)
  Rupert (D:15)
  Asterion (Lair:4)
  The ghost of Vuykkinei the Brawler, an adept TrBe of Trog (Spider:3)
  18 acid blobs
  The ghost of Detar the Severer, an adept HOFi of Beogh (Spider:1)
  The ghost of mumross the Severer, an adept MiBe of Trog (Orc:2)
  Agnes (Lair:4)
  4 azure jellies
  8 rockslimes
  A ghost moth (Spider:4)
  Aizul (Shoals:2)
  Louise (Shoals:3)
  5 emperor scorpions
  10 quicksilver oozes
  The ghost of ZARRMARR the Bludgeoner, a journeyman MiBe of Trog (Lair:6)
  4 entropy weavers
  3 spark wasps
  Snorg (D:13)
  6 merfolk javelineers
  An ettin (D:15)
  6 merfolk impalers
  Josephine (Orc:2)
  A fire dragon (Lair:6)
  6 boulder beetles
  3 great orbs of eyes
  4 vault guards (D:13)
  Erolcha (D:10)
  16 hydras
  Fannar (Orc:1)
  A catoblepas (Lair:2)
  An ogre mage (D:15)
  An alligator snapping turtle (Shoals:2)
  4 merfolk avatars
  3 satyrs (Shoals:4)
  2 merfolk aquamancers
  2 death knights
  2 centaur warriors
  7 two-headed ogres
  5 death yaks
  5 orc high priests
  3 tengu warriors
  8 death scarabs (Spider:4)
  A wretched star (Abyss:1)
  5 skeletal warriors (D:14)
  A large abomination (Abyss:1)
  A sixfirhy (D:7)
  A spectral emperor scorpion (Spider:4)
  A deep troll (D:15)
  The ghost of bronco the Destroyer, a novice HuCj of Vehumet (D:7)
  A lindwurm (Lair:6)
  A glowing orange brain (Slime:5)
  2 wizards (D:15)
  2 bog bodies (IceCv)
  2 starcursed masses (Abyss:1)
  4 spectral wolf spiders (Spider:4)
  Pikel (D:6)
  12 sea snakes
  2 phantasmal warriors (D:11)
  A wolf spider zombie (Spider:4)
  5 orc knights
  4 orc sorcerers
  21 orb spiders
  A necromancer (D:15)
  4 oklob plants
  4 deep elf pyromancers
  22 fauns
  9 shining eyes
  8 ugly things
  26 wolf spiders
  11 manticores
  8 cyclopes
  8 black mambas
  5 moths of wrath
  20 elephants
  7 merfolk sirens
  7 water nymphs
  5 torpor snails
  Maurice (D:12)
  4 eyes of devastation
  3 gargoyles
  3 molten gargoyles
  An ice statue (IceCv)
  17 cane toads
  2 unseen horrors (D:12)
  An unseen horror (shapeshifter) (D:15)
  5 spectral redbacks (Spider:4)
  2 kobold demonologists (Bailey)
  21 demonic crawlers
  14 komodo dragons
  A freezing wraith (D:11)
  2 redback zombies (Spider:4)
  An efreet (D:13)
  4 tengu conjurers (D:13)
  3 entropy weaver simulacra (IceCv)
  An anaconda simulacrum (IceCv)
  42 merfolk
  A silent spectre (Abyss:1)
  5 polar bears
  34 jumping spiders
  2 spectral jumping spiders (Spider:4)
  8 hornets
  4 trolls
  4 spectral tarantellas (Spider:4)
  85 slime creatures
  14 blink frogs
  9 wind drakes
  2 dream sheep (Shoals:1)
  A raiju (Abyss:1)
  2 jumping spider zombies (Spider:4)
  6 snapping turtles
  3 shadows
  10 wraiths
  3 vampires
  8 wyverns
  A ynoxinul (Abyss:1)
  69 redbacks
  35 tarantellas
  8 water elementals
  A human (D:13)
  78 yaks
  Grum (D:9)
  3 steam dragons
  6 golden eyes (Slime:1)
  A golden eye (shapeshifter) (D:14)
  11 basilisks
  A death yak simulacrum (IceCv)
  5 vampire mosquitoes
  A harpy simulacrum (IceCv)
  Menkaure (D:4)
  4 wargs
  2 acid dragons (D:11)
  5 hell hounds (Lair:6)
  A water moccasin (shapeshifter) (D:13)
  11 water moccasins
  A spectral troll (Orc:2)
  A spectral hornet (Spider:4)
  35 orc warriors
  2 black bears
  2 ice beasts
  A sky beast (D:8)
  A necrophage (D:6)
  11 ogres
  25 wolves
  7 centaurs
  3 small abominations (Abyss:1)
  A lemure (D:6)
  4 elf zombies (Ossuary)
  A kobold brigand (D:6)
  11 bullfrogs
  A scorpion (D:6)
  A gnoll sergeant (D:8)
  8 two-headed ogre simulacra (IceCv)
  2 cane toad simulacra (IceCv)
  A spectral warg (Orc:2)
  2 spectral ogres (Orc:2)
  An elephant simulacrum (IceCv)
  18 wights
  11 electric eels
  3 howler monkeys (D:9)
  6 lava snakes
  A crimson imp (D:6)
  A bullfrog zombie (D:6)
  5 centaur zombies
  3 human zombies (Ossuary)
  A gnoll shaman (Orc:1)
  32 orc priests
  3 bullfrog skeletons
  2 centaur skeletons (D:7)
  Terence (D:3)
  3 iguanas
  28 orc wizards
  2 polar bear simulacra (IceCv)
  5 spriggan simulacra (IceCv)
  7 troll simulacra (IceCv)
  A killer bee zombie (D:7)
  2 wolf simulacra (IceCv)
  3 mummies
  A howler monkey zombie (D:11)
  10 gnolls
  2 howler monkey skeletons
  4 adders
  3 naga simulacra (IceCv)
  6 white imps
  6 ufetubi
  3 orc simulacra (Orc:2)
  5 worms
  A dart slug (D:5)
  70 orcs
  4 ball pythons
  A bat (D:1)
  6 endoplasms
  4 giant cockroaches
  13 goblins
  13 hobgoblins
  14 jackals
  2 quokkas (D:1)
  A frilled lizard (D:2)
  A goblin zombie (D:6)
  7 hobgoblin zombies (Ossuary)
  14 kobolds
  16 kobold zombies
  4 orc zombies (Ossuary)
  A quokka skeleton (D:4)
  4 rats
  2 rat zombies (Ossuary)
  A toadstool (D:1)
1425 creatures vanquished.

Vanquished Creatures (collateral kills)
  A gnoll (Bailey)
1 creature vanquished.

Vanquished Creatures (others)
  A sea snake (Shoals:1)
  A manticore (Shoals:4)
  2 jumping spiders
  2 tarantellas
  4 redbacks (Spider:1)
  2 orc wizards (Orc:1)
  A gnoll (Orc:1)
  19 fungi
  149 plants
  3 toadstools (D:1)
184 creatures vanquished.

Grand Total: 1610 creatures vanquished

Notes
Turn   | Place    | Note
-------+----------+-------------------------------------------
     0 | D:1      | nicksoapdish the Minotaur Fighter began the quest for the
                  | Orb.
     0 | D:1      | Reached XP level 1. HP: 19/19 MP: 0/0
   176 | D:1      | Reached XP level 2. HP: 25/27 MP: 1/1
   976 | D:2      | Reached skill level 4 in Shields
  1019 | D:2      | Reached XP level 3. HP: 33/33 MP: 2/2
  1208 | D:2      | Found Zoifist's Book Emporium.
  1519 | D:3      | Found a transporter.
  1531 | D:3      | Found a transporter.
  1734 | D:3      | Found a faded altar of an unknown god.
  1827 | D:3      | Noticed Terence
  1840 | D:3      | Killed Terence
  1841 | D:3      | Reached XP level 4. HP: 16/40 MP: 3/3
  2429 | D:3      | Reached XP level 5. HP: 35/46 MP: 4/4
  2671 | D:4      | Reached skill level 5 in Axes
  2900 | D:4      | Found a staircase to the Ecumenical Temple.
  2905 | D:4      | Noticed an ogre
  2914 | D:4      | Killed an ogre
  2915 | D:4      | Reached skill level 5 in Armour
  2915 | D:4      | Reached XP level 6. HP: 26/53 MP: 5/5
  2917 | Temple   | Entered the Ecumenical Temple
  3172 | Temple   | Became a worshipper of Qazlal Stormbringer
  3408 | D:4      | Found a basalt altar of Yredelemnul.
  3409 | D:4      | Noticed Menkaure
  3411 | D:4      | Found an ancient bone altar of Kikubaaqudgha.
  3449 | D:4      | Reached skill level 5 in Fighting
  3505 | D:4      | Found a transporter.
  3605 | D:4      | Found a transporter.
  3627 | D:4      | Killed Menkaure
  3628 | D:4      | Reached skill level 5 in Shields
  3628 | D:4      | Reached XP level 7. HP: 32/61 MP: 6/6
  3800 | D:4      | Identified the ring "Ejov" {EV+4 Int+6}
  3841 | D:5      | Entered Level 5 of the Dungeon
  3872 | D:5      | Found a one-way gate to the infinite horrors of the Abyss.
  3872 | D:5      | Noticed WaxSun's ghost (novice FoAK)
  3873 | D:5      | Noticed a small abomination
  3880 | D:5      | Found a transporter.
  3922 | D:5      | Noticed a toenail golem
  3981 | D:5      | Found a transporter.
  4076 | D:5      | Noticed a wyvern
  4086 | D:5      | Killed a wyvern
  4086 | D:5      | Reached * piety under Qazlal
  4238 | D:5      | Reached XP level 8. HP: 67/70 MP: 7/7
  5136 | D:6      | Reached skill level 6 in Shields
  5161 | D:6      | Found a sand-covered staircase.
  5171 | Ossuary  | Entered an ossuary
  5181 | Ossuary  | Reached ** piety under Qazlal
  5400 | Ossuary  | Reached skill level 10 in Axes
  5458 | D:6      | Reached XP level 9. HP: 72/78 MP: 8/8
  5561 | D:6      | Reached *** piety under Qazlal
  5622 | D:6      | Noticed Pikel
  5634 | D:6      | Killed Pikel
  5635 | D:6      | Reached skill level 7 in Shields
  5705 | D:6      | Identified the +2 robe of Generosity {rF+}
  5712 | D:6      | Noticed a brown ugly thing
  5720 | D:6      | Killed a brown ugly thing
  6126 | D:7      | Reached skill level 8 in Shields
  6184 | D:7      | Found a shimmering blue altar of Sif Muna.
  6217 | D:7      | Found a transporter.
  6218 | D:7      | Noticed bronco's ghost (novice HuCj)
  6219 | D:7      | Found a transporter.
  6410 | D:7      | Found a runed translucent door.
  6411 | D:7      | Found a burning altar of Makhleb.
  6411 | D:7      | Noticed a sixfirhy
  6415 | D:7      | Killed a sixfirhy
  6654 | D:7      | Reached XP level 10. HP: 75/88 MP: 9/9
  6955 | D:7      | Killed bronco's ghost
  6956 | D:7      | Reached skill level 9 in Shields
  7182 | D:8      | Reached **** piety under Qazlal
  7770 | D:8      | Reached skill level 10 in Shields
  8542 | D:9      | Noticed a centaur warrior
  8553 | D:9      | Killed a centaur warrior
  8763 | D:9      | Reached XP level 11. HP: 95/95 MP: 10/10
  8834 | D:9      | Found Bughug Upeg's Distillery.
  8889 | D:9      | Noticed Grum
  8898 | D:9      | Killed Grum
  9579 | D:10     | Entered Level 10 of the Dungeon
  9677 | D:10     | Found a flagged portal.
  9686 | Bailey   | Entered a bailey
  9728 | Bailey   | Found an iron altar of Okawaru.
  9735 | Bailey   | Reached ***** piety under Qazlal
  9745 | Bailey   | Reached skill level 11 in Shields
  9749 | Bailey   | Noticed a soul eater
  9913 | Bailey   | Got the Handbook of Creative Heat
 10074 | Bailey   | Acquired the +6 crystal plate armour of Fycog {rN+}
 10195 | Bailey   | Noticed an orc knight
 10212 | Bailey   | Killed an orc knight
 10578 | D:10     | Noticed Erolcha
 10589 | D:10     | Cast into level 1 of the Abyss (Erolcha)
 10636 | Abyss:1  | Noticed a starcursed mass
 10649 | Abyss:1  | Noticed a wretched star
 10651 | Abyss:1  | Killed a starcursed mass
 10652 | Abyss:1  | Killed a starcursed mass
 10653 | Abyss:1  | Reached skill level 15 in Axes
 10663 | Abyss:1  | Killed a wretched star
 10684 | Abyss:1  | Noticed a large abomination
 10690 | Abyss:1  | Killed a large abomination
 10691 | Abyss:1  | Reached skill level 10 in Fighting
 10705 | Abyss:1  | Noticed a Hell Sentinel
 10746 | Abyss:1  | Killed a Hell Sentinel
 10747 | Abyss:1  | Reached skill level 12 in Shields
 10747 | Abyss:1  | Reached XP level 12. HP: 24/107 MP: 7/11
 10749 | D:10     | Escaped the Abyss
 11213 | D:10     | Killed Erolcha
 11459 | D:11     | Found a staircase to the Lair.
 11463 | D:11     | Reached skill level 10 in Armour
 11605 | D:11     | Found a shimmering altar of Xom.
 11607 | D:11     | Found a shimmering altar of Xom.
 11617 | D:11     | Found a shimmering altar of Xom.
 11618 | D:11     | Found a shimmering altar of Xom.
 11627 | D:11     | Found a shimmering altar of Xom.
 12030 | D:11     | Noticed an eight-headed hydra
 12065 | D:11     | Noticed a death knight
 12381 | D:11     | Killed a death knight
 12836 | D:12     | Reached skill level 13 in Shields
 13007 | D:12     | Noticed a four-headed hydra
 13022 | D:12     | Killed a nine-headed hydra
 13122 | D:12     | Found a staircase to the Orcish Mines.
 13506 | D:12     | Noticed Maurice
 13514 | D:12     | Killed Maurice
 13663 | Orc:1    | Entered Level 1 of the Orcish Mines
 13673 | Orc:1    | Noticed an orc high priest
 13674 | Orc:1    | Noticed a two-headed ogre
 13689 | Orc:1    | Reached XP level 13. HP: 92/116 MP: 12/12
 13696 | Orc:1    | Reached skill level 1 in Evocations
 13883 | Orc:1    | Reached ****** piety under Qazlal
 14099 | Orc:2    | Entered Level 2 of the Orcish Mines
 14393 | Orc:2    | Found a staircase to the Elven Halls.
 14418 | Orc:2    | Found Vaath's Magic Scroll Boutique.
 14431 | Orc:2    | Bought a scroll of enchant weapon for 97 gold pieces
 14431 | Orc:2    | Bought a scroll of enchant weapon for 97 gold pieces
 14431 | Orc:2    | Bought a scroll of enchant weapon for 97 gold pieces
 15171 | Orc:2    | Bought a scroll of identify for 26 gold pieces
 15171 | Orc:2    | Bought a scroll of identify for 26 gold pieces
 15171 | Orc:2    | Bought a scroll of identify for 26 gold pieces
 15171 | Orc:2    | Bought a scroll of identify for 26 gold pieces
 15348 | Orc:2    | Found a runed translucent gate.
 15348 | Orc:2    | Found a runed translucent gate.
 15348 | Orc:2    | Found a runed translucent gate.
 15350 | Orc:2    | Noticed mumross's ghost (adept MiBe)
 15409 | Orc:2    | Killed mumross's ghost
 15759 | Orc:2    | Found Abuozer's Weapon Boutique.
 15759 | Orc:2    | Found Pazonab's Distillery.
 15760 | Orc:2    | Found Maehax's Magic Scroll Shop.
 15763 | Orc:2    | Found Orinuurch's Antique Weapon Boutique.
 15768 | Orc:2    | Bought a scroll of enchant weapon for 82 gold pieces
 15768 | Orc:2    | Bought a scroll of enchant armour for 82 gold pieces
 15768 | Orc:2    | Bought a scroll of identify for 22 gold pieces
 16480 | Orc:1    | Reached skill level 1 in Invocations
 16570 | Orc:1    | Noticed Josephine
 16571 | Orc:1    | Noticed Fannar
 16588 | Orc:2    | Killed Josephine
 16589 | Orc:2    | Reached skill level 1 in Polearms
 16604 | Orc:1    | Killed Fannar
 16605 | Orc:1    | Reached skill level 14 in Shields
 17083 | Lair:1   | Entered Level 1 of the Lair of Beasts
 18240 | Lair:2   | Reached XP level 14. HP: 126/126 MP: 13/15
 18432 | Lair:2   | Reached skill level 5 in Polearms
 19798 | Lair:3   | Reached skill level 15 in Shields
 20097 | Lair:3   | You fall into a shaft and drop 1 floor!
 20128 | Lair:4   | Reached skill level 5 in Invocations
 20754 | Lair:4   | Found a hole to the Spider Nest.
 20826 | Lair:4   | Reached XP level 15. HP: 135/135 MP: 18/18
 21093 | Lair:4   | Found a staircase to the Shoals.
 21279 | Lair:4   | You fall into a shaft and drop 1 floor!
 22127 | Lair:5   | Found a transporter.
 22128 | Lair:5   | Found a transporter.
 22614 | Lair:6   | Entered Level 6 of the Lair of Beasts
 22698 | Lair:6   | Found a frozen archway.
 22726 | Lair:6   | Found a staircase to the Slime Pits.
 22728 | IceCv    | Entered an ice cave
 23097 | IceCv    | Reached skill level 10 in Polearms
 23209 | IceCv    | Identified the +7 hunting sling of Destiny {venom, Dex+4}
 23217 | IceCv    | Identified the +8 hand crossbow "Rikhemp" {venom, rPois rC+
                  | Dex+4 Stlth+}
 23723 | Lair:6   | Found a runed translucent door.
 23723 | Lair:6   | Noticed ZARRMARR's ghost (journeyman MiBe)
 23747 | Lair:6   | Killed ZARRMARR's ghost
 24084 | Lair:6   | Found a large runed translucent door.
 24088 | Lair:6   | Found a large runed translucent door.
 24305 | Lair:6   | Reached skill level 16 in Shields
 25113 | Shoals:1 | Entered Level 1 of the Shoals
 25610 | Shoals:1 | Reached skill level 1 in Crossbows
 26516 | Shoals:2 | Reached XP level 16. HP: 145/145 MP: 20/20
 27152 | Shoals:2 | Found Peluabof's Visitors' Centre.
 27181 | Shoals:2 | Found Peluabof's Merfolk Weapons.
 27186 | Shoals:2 | Found Peluabof's Merfolk Armours.
 27186 | Shoals:2 | Found Peluabof's Merfolk Magic.
 27205 | Shoals:2 | Bought a +2 hat for 240 gold pieces
 27562 | Shoals:3 | Noticed Aizul
 27588 | Shoals:2 | Killed Aizul
 28252 | Shoals:3 | Reached skill level 5 in Crossbows
 28651 | Shoals:3 | Noticed Louise
 28663 | Shoals:3 | Killed Louise
 28984 | Shoals:4 | Entered Level 4 of the Shoals
 29103 | Spider:1 | Entered Level 1 of the Spider Nest
 29111 | Spider:1 | Noticed Agnes
 29343 | Lair:4   | Killed Agnes
 29457 | Spider:1 | Reached skill level 17 in Shields
 29457 | Spider:1 | Noticed Nikola
 29460 | Spider:1 | Reached skill level 15 in Armour
 29576 | Spider:1 | Noticed Asterion
 29801 | Lair:4   | Killed Asterion
 29883 | Lair:4   | Killed Nikola
 30297 | Spider:1 | Found a transporter.
 30300 | Spider:1 | Noticed Detar's ghost (adept HOFi)
 30314 | Spider:1 | Found a transporter.
 30714 | Spider:1 | Killed Detar's ghost
 30715 | Spider:1 | Reached XP level 17. HP: 104/154 MP: 21/21
 30873 | Spider:1 | Identified the ring "Udweuc" {rC+ rN+}
 31406 | Spider:2 | Acquired a manual of Invocations
 31479 | Spider:2 | Reached skill level 15 in Fighting
 31479 | Spider:2 | Reached skill level 18 in Shields
 32302 | Spider:3 | Noticed Mara
 32305 | Spider:3 | Noticed nicksoapdish's illusion
 32456 | Spider:3 | Noticed Arachne
 32747 | Spider:3 | Noticed nicksoapdish's illusion
 32750 | Spider:3 | Killed Mara
 32816 | Spider:3 | Killed Arachne
 33062 | Spider:3 | Found a runed translucent door.
 33062 | Spider:3 | Noticed Vuykkinei's ghost (adept TrBe)
 33078 | Spider:3 | Killed Vuykkinei's ghost
 33317 | Spider:4 | Entered Level 4 of the Spider Nest
 33542 | Spider:4 | Reached skill level 19 in Shields
 33826 | Spider:4 | Reached XP level 18. HP: 134/163 MP: 23/23
 34044 | Spider:4 | Reached skill level 15 in Polearms
 35035 | Spider:4 | Got a gossamer rune of Zot
 35861 | Shoals:4 | Reached skill level 20 in Shields
 36278 | Shoals:4 | Identified the +10 mace of Tojaub {vorpal, rF+}
 36526 | Shoals:4 | Got a barnacled rune of Zot
 36575 | Shoals:4 | Found Nexkyir's Firing Range.
 37084 | D:13     | Noticed Snorg
 37109 | D:13     | Killed Snorg
 37121 | D:13     | Reached skill level 10 in Invocations
 37556 | D:13     | Found a gate to the Vaults.
 38278 | D:14     | Found a shimmering blue altar of Sif Muna.
 38490 | D:15     | Entered Level 15 of the Dungeon
 38529 | D:15     | Found Ecaefy's Distillery.
 38529 | D:15     | Noticed Rupert
 38539 | D:15     | Killed Rupert
 38540 | D:15     | Reached XP level 19. HP: 172/172 MP: 25/25
 38783 | D:15     | Reached skill level 5 in Evocations
 38962 | D:15     | Bought a potion of haste for 140 gold pieces
 38962 | D:15     | Bought a potion of heal wounds for 70 gold pieces
 38962 | D:15     | Bought a potion of invisibility for 112 gold pieces
 38962 | D:15     | Bought a potion of might for 56 gold pieces
 38962 | D:15     | Bought a potion of heal wounds for 70 gold pieces
 39186 | D:15     | Found a staircase to the Depths.
 39655 | Slime:1  | Entered Level 1 of the Pits of Slime
 39657 | Slime:1  | Gained mutation: Your spells are a little easier to cast,
                  | but a little less powerful. [a shining eye]
 39660 | Slime:1  | Gained mutation: Your mind is acute. (Int +2) [a shining
                  | eye]
 39661 | Slime:1  | Gained mutation: Your body sometimes deteriorates upon
                  | taking damage. [a shining eye]
 39664 | Slime:1  | Gained mutation: Armour fits poorly on your strangely
                  | shaped body. [a shining eye]
 40489 | Spider:2 | Lost mutation: Your body sometimes deteriorates upon taking
                  | damage. [potion of mutation]
 40489 | Spider:2 | Lost mutation: Your spells are a little easier to cast, but
                  | a little less powerful. [potion of mutation]
 40489 | Spider:2 | Lost mutation: Your mind is acute. (Int +2) [potion of
                  | mutation]
 40489 | Spider:2 | Gained mutation: You sometimes lose the ability to read
                  | scrolls when taking damage. [potion of mutation]
 40489 | Spider:2 | Gained mutation: You are partially covered in iridescent
                  | scales. (AC +2) [potion of mutation]
 40490 | Spider:2 | Lost mutation: Armour fits poorly on your strangely shaped
                  | body. [potion of mutation]
 40490 | Spider:2 | Lost mutation: You are partially covered in iridescent
                  | scales. (AC +2) [potion of mutation]
 40490 | Spider:2 | Lost mutation: You sometimes lose the ability to read
                  | scrolls when taking damage. [potion of mutation]
 40490 | Spider:2 | Gained mutation: You are frail. (-10% HP) [potion of
                  | mutation]
 40490 | Spider:2 | Gained mutation: You are strong-willed. (Will+) [potion of
                  | mutation]
 41261 | Slime:2  | Noticed Dissolution
 41277 | Slime:1  | Killed Dissolution
 41415 | Slime:2  | Gained mutation: You sometimes lose the ability to read
                  | scrolls when taking damage. [a shining eye]
 41418 | Slime:2  | Gained mutation: You are very frail. (-20% HP) [a shining
                  | eye]
 41419 | Slime:2  | Gained mutation: You occasionally shout uncontrollably at
                  | your foes. [a shining eye]
 42135 | Slime:3  | Paralysed by a great orb of eyes for 2 turns
 42199 | Slime:3  | Gained mutation: You are clumsy. (Dex -2) [a shining eye]
 42200 | Slime:3  | Gained mutation: You are weak. (Str -2) [a shining eye]
 42566 | Slime:2  | Reached skill level 21 in Shields
 43664 | Slime:4  | Gained mutation: You are very weak. (Str -4) [a shining
                  | eye]
 43806 | Slime:4  | Gained mutation: Your body sometimes deteriorates upon
                  | taking damage. [a shining eye]
 44219 | Slime:5  | Entered Level 5 of the Pits of Slime
 44232 | Slime:5  | Reached XP level 20. HP: 149/149 MP: 26/26
 44599 | Slime:3  | Reached skill level 10 in Crossbows
 44610 | Slime:4  | Gained mutation: Your magical capacity is low. (-10% MP) [a
                  | shining eye]
 44611 | Slime:4  | Gained mutation: You tend to lose your temper in combat. [a
                  | shining eye]
 44614 | Slime:4  | Gained mutation: You often lose your temper in combat. [a
                  | shining eye]
 44619 | Slime:4  | Gained mutation: You are extremely frail. (-30% HP) [a
                  | shining eye]
 45396 | Slime:5  | Found a viscous altar of Jiyva.
 45434 | Slime:5  | Noticed the Royal Jelly
 45799 | Slime:5  | Slain by an azure jelly

Illustrated notes

Levels and vault maps discovered:
D:1:      ldierk_water_garden, layout_basic
D:2:      layout_basic, serial_shops, shop, kennysheep_potato
D:3:      gammafunk_steamed_eel, layout_basic,
          dreamdust_ecumenical_altar_hidden_monk_grotto, uniq_terence
D:4:      layout_basic, gammafunk_temple_of_torment,
          minmay_temple_entry_sparse_star
D:5:      layout_loops_ring, gammafunk_ghost_abyssal_escape,
          mrwooster_statue_mirror, roderic_lattice_a,
          hangedman_decor_diamond_cutter
D:6:      layout_basic, nicolae_ossuary_entry_giza, minmay_fire_ice_demons,
          uniq_pikel
D:7:      layout_basic, lemuel_crystal_altar, nzn_makhleb_speed_demon,
          gammafunk_ghost_smash, eino_curves_02, kennysheep_crisscross,
          lightli_corner_chamber
D:8:      layout_basic, fungi_pond_lemuel, nzn_life_drinkers
D:9:      layout_loops_corners, serial_shops, nicolae_stop_n_shop_1,
          minmay_orc_keep, uniq_grum
D:10:     layout_big_octagon, enter_bailey_2, uniq_erolcha
D:11:     layout_loops_cross, dpeg_oklobed_lair, xom_redecorated
D:12:     layout_cave_pods, orc_0_dummy, kennysheep_cross_bottleneck,
          amcnicky_mini_rare_corridor_liquid, uniq_maurice
D:13:     layout_long_grid, grunt_vaults_entry_fortified, uniq_snorg
D:14:     kennysheep_cluttered_fort, layout_loops_cross,
          nicolae_sif_muna_condensation
D:15:     hangedman_depths_entry_civil_slaughter, layout_irregular_city,
          serial_bayou_pond_c, serial_shops, nicolae_shop_waterfront,
          uniq_rupert
Temple:   regret_index_temple_mists
Lair:1:   layout_gridlike, grunt_megastairs_1, infiniplex_staircase_pool_2
Lair:2:   nzn_winding_woodlands_stair_trap [nzn_winding_woodlands_5x15_cabin,
          nzn_winding_woodlands_5x15_pathside_ponds,
          nzn_winding_woodlands_5x15_lazy_stream,
          nzn_winding_woodlands_15x15_boxy_spiral,
          nzn_winding_woodlands_5x15_eye, nzn_winding_woodlands_5x15_longhouse,
          nzn_winding_woodlands_5x15_concentric], layout_cellular_growth,
          minmay_lair_oklob_chamber
Lair:3:   layout_regular_city, chequers_serial_rivers_room_b,
          lemuel_fruit_fields, serial_bayou_shore_a
Lair:4:   layout_layer_cave, minmay_shoals_entry_beasts,
          spider_nest_entry_web_field
Lair:5:   gammafunk_boulding_lane, layout_cave_pods, beast_lair_carwin_7
Lair:6:   cheibrodos_lair_end_hotspot, layout_gridlike, slime_dummy,
          portal_ice_cave_entry_pillars_1, ebering_ghost_reflecting_pool,
          serial_rivers, chequers_serial_rivers_large_b,
          chequers_serial_rivers_micro_b, chequers_serial_rivers_small_a,
          chequers_serial_rivers_small_b, chequers_serial_rivers_small_a,
          chequers_serial_rivers_room_b, minivault_24
Shoals:1: layout_shoals
Shoals:2: nicolae_shoals_mermall, layout_shoals
Shoals:3: layout_shoals, uniq_louise, uniq_aizul
Shoals:4: shoals_end_grunt_garden, layout_shoals, nicolae_shop_firing_range
Spider:1: layout_spider_delve, gammafunk_ghost_arena, uniq_asterion,
          uniq_nikola, uniq_agnes
Spider:2: layout_chambers
Spider:3: layout_spider_delve, ebering_ghost_inner_flame, uniq_arachne,
          uniq_mara
Spider:4: floodkiller_spider_rune_tomb, hangedman_spider_tarantella_strand
Slime:1:  layout_caves
Slime:2:  layout_caves, dissolution_awaits
Slime:3:  cheibrodos_slime_lost_civilization_9, layout_caves,
          nicolae_slime_phagocytosis
Slime:4:  layout_caves
Slime:5
Orc:1:    nicolae_orc_accident_1, layout_diamond_mine, uniq_josephine,
          uniq_fannar
Orc:2:    st_orc_mages, layout_caves, serial_shops, shop,
          gammafunk_ghost_necromancy

Skill      XL: |  1  2  3  4  5  6  7  8  9 10 11 12 13 14 15 16 17 18 19 20 |
---------------+-------------------------------------------------------------+-----
Armour         | 4 5 6 7 8 9 10 12 13 14 15 16 17 | 17.3
Shields        | 4 5 6 8 10 12 13 14 15 16 17 19 20 21 | 21.3
Fighting       | 4 5 6 7 8 10 11 12 13 14 15 16 17 18 | 18.2
Axes           | 3 4 5 6 8 10 11 13 15 16 17 18 19 | 19.6
Evocations     | 4 6 7 |  7.0
Invocations    | 2 5 7 8 10 | 10.4
Polearms       | 4 8 12 13 14 15 | 15.4
Crossbows      | 2 6 7 8 9 10 | 10.3

Action                   |  1- 3 |  4- 6 |  7- 9 | 10-12 | 13-15 | 16-18 | 19-21 || total
-------------------------+-------+-------+-------+-------+-------+-------+-------++-------
Melee: War axe           |    89 |    74 |   254 |   532 |   860 |   977 |   439 ||  3225
       Headbutt          |     9 |    17 |    58 |   143 |   296 |   296 |   173 ||   992
       Hand axe          |       |     9 |       |       |       |       |       ||     9
       Trident           |       |       |       |       |   239 |    30 |     6 ||   275
 Fire: Hand crossbow     |       |       |       |       |    22 |   142 |    19 ||   183
Invok: Upheaval          |       |       |       |       |     1 |       |       ||     1
Evoke: Wand              |       |       |       |     4 |     8 |     7 |     9 ||    28
  Use: Scroll            |     4 |     4 |     6 |    10 |    15 |     9 |     1 ||    49
       Potion            |       |     2 |     1 |    10 |     1 |    12 |     3 ||    29
 Stab: Invisible         |       |       |       |       |     1 |     2 |       ||     3
       Held in net/web   |       |       |       |       |       |     1 |       ||     1
Armor: Scale mail        |    41 |    42 |    66 |    53 |       |       |       ||   202
       Crystal plate arm |       |       |       |    99 |   228 |   409 |   138 ||   874
Dodge: Dodged            |    29 |    28 |    89 |   109 |   118 |   133 |    39 ||   545
       Repelled          |       |       |       |     4 |     6 |     3 |    10 ||    23
Block: Kite shield       |    40 |    34 |   157 |   387 |   753 |   173 |       ||  1544
       Reflection        |       |       |       |       |    21 |   121 |    33 ||   175
       Tower shield      |       |       |       |       |       |  1521 |   547 ||  2068
